AoeStats
← EMPEROR98265292

Arena

507441144Analyzed
1v1 RM · 15d ago on Sep 18, 2026· 43m 58s· 2 players
Game mode
Random Map
Map size
Tiny (2 player)
Population
200
Speed
Normal
Resources
Standard
Victory
Conquest
Starting age
Dark Age
Ending age
Imperial Age
RankedLock teamsTeams togetherTeam positionsShared explorationLock speedFull tech treeHidden civsTurbo modeCheats
Victory
Defeat
🇨🇿 Bohemians · Czechia
1615
+14
🇮🇳 Wu · India
1564
-14
EMPEROR98265292
1:09 Loom
11:20 Feudal Age
15:45 Castle Age
16:32 Double-Bit Axe
17:44 Loom
20:49 Fletching
26:00 Bodkin Arrow
26:23 Padded Archer Armor
27:45 Red Cliffs Tactics
27:52 Padded Archer Armor
29:37 Scale Mail Armor
30:19 Forging
30:55 Chain Mail Armor
31:18 Leather Archer Armor
32:34 Iron Casting
32:38 Gold Mining
33:25 Wheelbarrow
33:11 Horse Collar
36:33 Imperial Age
34:10 Squires
36:59 Masonry
37:09 Bloodlines
36:59 Husbandry
37:05 Scale Barding Armor
36:38 Heavy Hei Guang Cavalry
38:19 Blast Furnace
37:42 Conscription
38:42 Chain Barding Armor
40:17 Bracer
41:18 Plate Barding Armor
fazole54
10:55 Feudal Age
14:33 Castle Age
12:52 Double-Bit Axe
13:10 Horse Collar
16:47 Wheelbarrow
17:02 Bow Saw
21:44 Hand Cart
22:10 Heavy Plow
28:22 Imperial Age
25:39 Loom
26:54 Masonry
26:38 Fletching
28:49 Chemistry
27:46 Elite Skirmisher
28:29 Bodkin Arrow
29:19 Ballistics
29:26 Padded Archer Armor
30:21 Bracer
31:30 Leather Archer Armor
31:46 Fortified Wall
33:10 Conscription
34:47 Ring Archer Armor
35:40 Two-Man Saw
35:46 Wagenburg Tactics
36:47 Town Watch
38:26 Architecture
38:02 Siege Engineers
37:45 Pikeman
38:34 Scale Mail Armor
38:44 Forging
38:19 Halberdier
39:00 Squires
39:27 Houfnice
Connection lost

Rejoining the realm…

Still unreachable

The connection could not be restored.

Session expired

The server has moved on; the page needs a fresh start.